 Dungeon Crawl Stone Soup version 0.29-a0-88-g03a7b78be7 (webtiles) character file.

Game seed: 11842684170344963727

2 enile the Conjurer (level 1, 0/16 HPs)
             Began as a Demonspawn Wanderer on Feb 5, 2022.
             Slain by a goblin (1 damage)
             ... on level 1 of the Dungeon.
             The game lasted 00:00:16 (149 turns).

enile the Conjurer (Demonspawn Wanderer)             Turns: 149, Time: 00:00:16

Health: 0/16       AC:  2    Str: 11    XL:     1   Next: 25%
Magic:  3/3        EV: 11    Int: 16    God:
Gold:   28         SH:  0    Dex: 10    Spells: 4/4 levels left

rFire   . . .      SeeInvis .   a - +0 club
rCold   . . .      Faith    .   (no shield)
rNeg    . . .      Spirit   .   b - +0 robe
rPois   .          Reflect  .   (no helmet)
rElec   .          Harm     .   (no cloak)
rCorr   .          Rampage  .   (no gloves)
Will    .....                   (no boots)
Stlth   +.........              (no amulet)
HPRegen 0.05/turn               (no ring)
MPRegen 0.08/turn               (no ring)

@: no status effects
A: no striking features
a: no special abilities


You were on level 1 of the Dungeon.
You visited 1 branch of the dungeon, and saw 1 of its levels.

You collected 28 gold pieces.

Inventory:

Hand Weapons
 a - a +0 club (weapon)
Armour
 b - a +0 robe (worn)
Scrolls
 d - a scroll of blinking {unknown}
 e - a scroll of identify {unknown}
Potions
 c - a potion of lignification


   Skills:
 + Level 2.0 Fighting
 + Level 1.0 Stealth
 + Level 2.0 Spellcasting
 + Level 3.0 Conjurations
 + Level 2.0 Summonings


You had 4 spell levels left.
You didn't know any spells.
Your spell library contained the following spells:

 Spells                   Type           Power      Damage    Failure   Level
 Summon Small Mammal      Summ           32%        N/A       9%          1
 Shock                    Conj/Air       24%        1d4       11%         1
 Call Canine Familiar     Summ           8%         N/A       26%         3
 Flame Wave               Conj/Fire      6%         2d5       73%         4
 Fulminant Prism          Conj/Hex       3%         3d6       73%         4


Dungeon Overview and Level Annotations

Branches:
Dungeon (1/15)

Altars:


Message History

The goblin shouts!
The frilled lizard barely misses you.
The frilled lizard bites you but does no damage.
You barely miss the frilled lizard. The frilled lizard misses you.
There are monsters nearby!
You barely miss the frilled lizard. The frilled lizard barely misses you.
You hit the frilled lizard.
You kill the frilled lizard!
You hit the goblin.
The goblin is severely wounded.
The goblin misses you. The frilled lizard misses you.
You closely miss the goblin.
The goblin is severely wounded.
The goblin hits you but does no damage.
The frilled lizard bites you but does no damage.
You closely miss the goblin.
The goblin is severely wounded.
The goblin hits you with a +0 dagger. The frilled lizard bites you.
You barely miss the goblin.
The goblin is severely wounded.
The goblin hits you with a +0 dagger.
The frilled lizard bites you but does no damage.
The goblin closely misses you. The frilled lizard barely misses you.
You are too injured to fight recklessly!
You are too injured to fight recklessly!
The frilled lizard bites you.
You barely miss the goblin.
The goblin is moderately wounded.
The goblin closely misses you. The frilled lizard barely misses you.
You hit the goblin but do no damage.
The goblin is moderately wounded.
The goblin hits you with a +0 dagger.
* * * LOW HITPOINT WARNING * * *
The frilled lizard misses you.
You closely miss the goblin.
The goblin is moderately wounded.
The goblin hits you but does no damage. The frilled lizard bites you.
* * * LOW HITPOINT WARNING * * *
The goblin hits you with a +0 dagger.
You die...

..##.#.##.......#
..##.#.#######).###.#
##...#.# .......# ..≈
##.....#######..##..# ..≈≈
..##.........#.. #..#...≈.
..##.#.#.###.#.# #..#..≈.≈
##...#.#.###.#.###...#≈.≈.
##...#.#.#.......l.....≈..
................@g.....#
####.###.#.#.#####.#.##.#
# #.........# #.†...... #
#######.#.# #........ #
#.#.# #........ # #.#.#
......... #.... #........
###.# #........ ..#
..#.##...


You could see a goblin and a frilled lizard.

Vanquished Creatures
  A kobold (D:1)
  A frilled lizard (D:1)
2 creatures vanquished.

Notes
Turn   | Place    | Note
-------+----------+-------------------------------------------
     0 | D:1      | enile the Demonspawn Wanderer began the quest for the Orb.
     0 | D:1      | enile set off with the following items: a +0 club, a +0
                  | robe, a potion of lignification; and the following spells
                  | available to memorise: Summon Small Mammal, Shock, Call
                  | Canine Familiar, Flame Wave, Fulminant Prism
     0 | D:1      | Reached XP level 1. HP: 16/16 MP: 3/3
   149 | D:1      | Slain by a goblin

Illustrated notes

Levels and vault maps discovered:
D:1:      lightli_iron_boxes, layout_basic,
          shapermc_ecumenical_altar_starsandcircs

Action                   || total
-------------------------++-------
Melee: Club              ||    14
Armor: Robe              ||     6
Dodge: Dodged            ||    13

Table legend: (Time is in decaauts)
 A = Elapsed time spent in this place.
 B = Non-inter-level travel time spent in this place.
 C = Inter-level travel time spent in this place.
 D = Time resting spent in this place.
 E = Time spent auto-exploring this place.
 F = Levels seen in this place.
 G = Mean time per level.
                   A        B        C        D        E       F      G
               +--------+--------+--------+--------+--------+-----+--------+
         Total |    152 |    152 |      0 |      0 |    120 |   1 |  152.0 |
       Dungeon |    152 |    152 |      0 |      0 |    120 |   1 |  152.0 |
               +--------+--------+--------+--------+--------+-----+--------+

Top non-repeatable levels by time:
     D:1: 152 daAuts
